 Dungeon Crawl Stone Soup version 0.20.1-1-g8b1a95d (webtiles) character file.

334 polve the Transmogrifier (level 6, -7/43 HPs)
             Began as a Merfolk Transmuter on Aug 6, 2017.
             Mangled by an orc
             ... wielding a +0 short sword of electrocution
              (19 damage)
             ... on level 3 of the Dungeon.
             The game lasted 00:04:37 (4664 turns).

polve the Transmogrifier (Merfolk Transmuter)       Turns: 4664, Time: 00:04:38

Health: -7/43      AC:  4    Str: 10    XL:     6   Next: 53%
Magic:  8/9        EV: 12    Int: 14    God:
Gold:   129        SH:  0    Dex: 15    Spells: 3/9 levels left

rFire    . . .     SeeInvis .     - Unarmed
rCold    + + .     Gourm    .   (no shield)
rNeg     . . .     Faith    .   q - +0 leather armour
rPois    .         Spirit   .   (no helmet)
rElec    .         Reflect  .   r - +0 cloak
rCorr    .         Harm     .   (no gloves)
MR       .....                  (no boots)
Stlth    +.........             (no amulet)
Regen    0.2/turn               g - ring of protection from cold
MPRegen  0.2/turn               j - ring of protection from cold

@: no status effects
A: change form in water, swift swim, stealthy swim
a: no special abilities


You were on level 3 of the Dungeon.
You were hungry.

You visited 1 branch of the dungeon, and saw 3 of its levels.

You collected 129 gold pieces.

Inventory:

Missiles
 a - 12 arrows (quivered)
Armour
 q - a +0 leather armour (worn)
 r - a +0 cloak (worn)
Jewellery
 g - a ring of protection from cold (left hand)
 j - a ring of protection from cold (right hand)
Wands
 t - a wand of flame (33/48)
Scrolls
 e - 2 scrolls of immolation {unknown}
 f - 3 scrolls of identify {unknown}
 h - 3 scrolls of remove curse
 i - a scroll of random uselessness {unknown}
 k - 2 scrolls of enchant weapon {unknown}
 l - a scroll of magic mapping {unknown}
 n - a scroll of recharging {unknown}
 o - a scroll of fog {unknown}
 u - a scroll of enchant armour {unknown}
Potions
 b - a potion of mutation {unknown}
 s - a potion of heal wounds
Books
 c - a book of Changes

   Spells                             Type                      Level
   a - Beastly Appendage              Transmutation                1
   b - Sticks to Snakes               Transmutation                2
   c - Spider Form                    Transmutation/Poison         3
   d - Ice Form                       Ice/Transmutation            4
   e - Blade Hands                    Transmutation                5
 v - a book of Cantrips

   Spells                             Type                      Level
   a - Confusing Touch                Hexes                        1
   b - Animate Skeleton               Necromancy                   1
   c - Summon Small Mammal            Summoning                    1
   d - Apportation                    Translocation                1
Comestibles
 d - 2 bread rations
 m - 3 royal jellies
 p - 7 fruits
 w - 3 chunks of flesh


   Skills:
 - Level 1.1 Fighting
 - Level 2.6 Dodging
 - Level 3.2 Unarmed Combat
 - Level 2.0 Spellcasting
 + Level 8.2 Transmutations
 - Level 2.3 Poison Magic


You had 3 spell levels left.
You knew the following spells:

 Your Spells              Type           Power        Failure   Level  Hunger
a - Beastly Appendage     Tmut           ###...       1%          1    ##.....
b - Sticks to Snakes      Tmut           ###.....     1%          2    ###....
c - Spider Form           Tmut/Pois      ###.......   11%         3    ####...


Dungeon Overview and Level Annotations

Branches:
Dungeon (3/15)

Altars:
Ashenzari
Yredelemnul


Message History

Your transformation has ended.
Your +0 cloak unmelds from your body.
Your +0 leather armour unmelds from your body.
You hear some strange, mumbled words.
Something tries to affect you, but you resist.
You're too confused to move!
Something hits you but does no damage.
You bump into the rock wall.
Something hits you but does no damage.
You closely miss something. You punch something.
Reactivating autopickup.
You feel a bit more experienced.
You're too confused to cast spells.
There isn't anything here!
You're too confused to move!
The orc hits you with a short sword of electrocution.
You are electrocuted!
* * * LOW HITPOINT WARNING * * *
You miss the orc.
You feel less confused. The orc hits you but does no damage.
You are electrocuted!
You die...

# ### # #.. # #.# # #.# # #.#
###############################.#
......).........@o(..........>#.#
########################.........
# #......... #.........
########################.........
.......................######+#)#
######################.######.#.#
.............#....
.#######.###.#.#.#


You could see an orc.

Vanquished Creatures
  Sigmund (D:2)
  Crazy Yiuf (D:2)
  An orc wizard (D:3)
  A gnoll (D:1)
  2 adders (D:2)
  An ooze (D:1)
  3 dart slugs
  3 leopard geckos
  An orc (D:3)
  A ball python (D:1)
  11 bats
  5 giant cockroaches
  12 goblins
  8 hobgoblins
  8 jackals
  6 kobolds
  A quokka (D:2)
  4 frilled lizards
  12 rats
82 creatures vanquished.

Notes
Turn   | Place    | Note
-------+----------+-------------------------------------------
     0 | D:1      | polve the Merfolk Transmuter began the quest for the Orb.
     0 | D:1      | Reached XP level 1. HP: 15/15 MP: 3/3
    99 | D:1      | Reached skill level 3 in Transmutations
   114 | D:1      | Reached XP level 2. HP: 9/21 MP: 3/5
   181 | D:1      | Learned a level 2 spell: Sticks to Snakes
   521 | D:1      | Reached skill level 4 in Transmutations
  1024 | D:1      | Reached XP level 3. HP: 13/26 MP: 6/6
  1029 | D:1      | Learned a level 3 spell: Spider Form
  1378 | D:1      | Reached skill level 1 in Poison Magic
  2394 | D:2      | Found a shattered altar of Ashenzari.
  2394 | D:2      | Found a basalt altar of Yredelemnul.
  2555 | D:2      | Reached XP level 4. HP: 32/32 MP: 5/7
  2627 | D:2      | Noticed Sigmund
  3224 | D:2      | Reached skill level 5 in Transmutations
  3561 | D:2      | Killed Sigmund
  3561 | D:2      | Reached skill level 7 in Transmutations
  3561 | D:2      | Reached XP level 5. HP: 35/37 MP: 4/8
  3561 | D:2      | Reached XP level 6. HP: 41/43 MP: 4/9
  3775 | D:2      | Found a runed door.
  3941 | D:2      | Noticed Crazy Yiuf
  3945 | D:2      | Killed Crazy Yiuf
  4299 | D:3      | Reached skill level 8 in Transmutations
  4664 | D:3      | Mangled by an orc

Skill      XL: |  1  2  3  4  5  6 |
---------------+-------------------+-----
Transmutations | 3 4 7 8 |  8.2
Poison Magic   | 2 |  2.3
Fighting       | |  1.1
Dodging        | |  2.6
Unarmed Combat | |  3.2
Spellcasting   | |  2.0

Action                   |  1- 3 |  4- 6 || total
-------------------------+-------+-------++-------
Melee: Unarmed           |   160 |   135 ||   295
       Headbutt          |     6 |     8 ||    14
       Punch             |     1 |     5 ||     6
 Cast: Beastly Appendage |    19 |    13 ||    32
       Spider Form       |       |     7 ||     7
  Use: Scroll            |     1 |       ||     1
       Potion            |       |     1 ||     1
 Stab: Distracted        |     1 |       ||     1
       Sleeping          |     2 |       ||     2
  Eat: Chunk             |     6 |     7 ||    13
Armor: Robe              |    33 |    11 ||    44
       Leather armour    |       |    23 ||    23
       Skin              |       |     3 ||     3
Dodge: Dodged            |   113 |   105 ||   218
